[Event "Late-Titled-Tuesday-Blitz-March-05-2024"]
[Site "Chess.com"]
[Date "2024.03.05"]
[Round "2"]
[White "AjedrezenMadrid"]
[Black "XDPS"]
[Result "0-1"]
[WhiteElo "2524"]
[BlackElo "2902"]
[TimeControl "180+1"]
[EndTime "14:20:41 PST"]
[Termination "XDPS won on time"]

1. Nf3 g6 2. d4 Bg7 3. e4 d6 4.
Bd3 a6 5. O-O b6 6. Re1 e6 7.
Nbd2 Bb7 8. Nf1 Nd7 9. Ng3 Ne7 10. h4 h6 11. c3 e5 12. h5 Nc6 13. hxg6 fxg6 14. d5 Ne7 15. Nh4 O-O 16. Qg4 Nf6 17. Qe6+ Kh7 18. Qh3 Bc8 19. Qh1 a5 20. Nf3 Ng4 21.
Bd2 Kg8 22. Rf1 g5 23. Nh5 Ng6 24. g3 Qe8 25. Ne1 Bd7 26. f3 Nf6 27. Ng2 Nxh5 28. Qxh5 Rf6 29. Ne3 Ne7 30. Qh2 Qg6 31. Rf2 Raf8 32.
Raf1 Qh7 33. Bc2 Kh8 34. c4 Ng6 35. b3 h5 36. Bd3 h4 37. Ng4 Bxg4 38. fxg4 Rxf2 39.
Rxf2 Rxf2 40. Qxf2 hxg3 41. Qxg3 Nf4 42. Bxf4 exf4 43.
Qh2 Bd4+ 44. Kh1 Qxh2+ 45. Kxh2 Kg7 46. Kg2 Kf6 47. e5+ Kxe5 48. Kf3 Be3 49. Bh7 Kd4 50. Ke2 Kc3 51. Bf5 Kb2 52. Bd7 Kxa2 53. Ba4 Ka3 54. Kf3 Kb4 55. Ke2 Bd4 56. Kf3 Be5 57. Ke2 Kc3 58. Kf3 Kd3 59. Bb5 Kd4 60. Ba4 Bf6 61. Bb5 Bd8 62. Ba4 Kc3 63. Kf2 Be7 64. Kf3 Bf6 65. Kf2 Bd4+ 66. Kf3 Bc5 67. Ke2 Bg1 68. Kf3 Bh2 69. Ke2 Kc2 70. Kf3 Kd3 71. Bb5 Bg3 72.
Ba4 Kc3 73. Kg2 Bh4 74. Kf3 Kb4 75. Ke2 Kc5 76. Kf3 Kd4 77. Bb5 Kd3 78. Ba4 Kc3 79.
Kg2 Kd3 80. Kf3 Be1 81. Bb5 Bb4 82. Ba4 Kd4 83. Bb5 Bc5 84. Ba4 Kc3 85. Ke2 b5 86.
cxb5 Kd4 87. b6 cxb6 88. Bc6 Ke4 89. Bb7 f3+ 90. Kf1 Kd4 91. Bc6 Kc3 92. Ba4 Kb4 0-1

[Event "Late-Titled-Tuesday-Blitz-March-05-2024"]
[Site "Chess.com"]
[Date "2024.03.05"]
[Round "3"]
[White "Elsa167"]
[Black "Casper"]
[Result "1-0"]
[WhiteElo "2892"]
[BlackElo "2519"]
[TimeControl "180+1"]
[EndTime "14:22:16 PST"]
[Termination "Elsa167 won by resignation"]

1. d4 g6 2. e4 Bg7 3. c4 d6 4. Nc3 Nc6 5. Nge2 Nf6 6. f3 O-O 7. Be3 e5 8. d5 Ne7 9. Qd2 Nh5 10.
g4 Nf6 11. Ng3 h5 12. gxh5 gxh5 13. Bg5 Ng6 14. Nxh5 c6 15. O-O-O Nxh5 16. Bxd8 Rxd8 17. Qg5 Nhf4 18. Qxd8+ 1-0

[Event "Late-Titled-Tuesday-Blitz-March-05-2024"]
[Site "Chess.com"]
[Date "2024.03.05"]
[Round "3"]
[White "The_Straightforward_Rook"]
[Black "stollenmonster"]
[Result "0-1"]
[WhiteElo "2437"]
[BlackElo "2869"]
[TimeControl "180+1"]
[EndTime "14:22:20 PST"]
[Termination "stollenmonster won by checkmate"]

1. e4 c5 2. c3 Nf6 3. e5 Nd5 4. Nf3 Nc6 5. Bc4 Nb6 6. Bb3 g6 7. O-O Bg7 8. d4 cxd4 9. cxd4 O-O 10. Nc3 d6 11. Bf4 Bg4 12. exd6 Nxd4 13. dxe7 Qxe7 14. h3 Nxf3+ 15. gxf3 Bxh3 16. Bd6 Qg5+ 17. Kh2 Qg2# 0-1

[Event "Late-Titled-Tuesday-Blitz-March-05-2024"]
[Site "Chess.com"]
[Date "2024.03.05"]
[Round "3"]
[White "Jarming"]
[Black "Shtembuliak"]
[Result "0-1"]
[WhiteElo "2644"]
[BlackElo "2849"]
[TimeControl "180+1"]
[EndTime "14:23:18 PST"]
[Termination "Shtembuliak won by resignation"]

1. c4 g6 2. g3 Bg7 3. Bg2 d6 4. Nc3 Nf6 5. d3 c6 6. Rb1 a5 7.
a3 d5 8. cxd5 cxd5 9. Nf3 Nc6 10. O-O d4 11. Nb5 a4 12. Bd2 Qb6 13. Nbxd4 Nxd4 14. Be3 Nxf3+ 15. Bxf3 Qd8 16. Rc1 O-O 0-1

[Event "Late-Titled-Tuesday-Blitz-March-05-2024"]
[Site "Chess.com"]
[Date "2024.03.05"]
[Round "3"]
[White "Adham_Fawzy"]
[Black "terrortoast"]
[Result "1-0"]
[WhiteElo "2804"]
[BlackElo "2516"]
[TimeControl "180+1"]
[EndTime "14:23:49 PST"]
[Termination "Adham_Fawzy won by resignation"]

1. e4 c6 2. d4 d5 3. exd5 cxd5 4. c4 Nf6 5. Nc3 e6 6. c5 b6 7. b4 a5 8. Na4 Nbd7 9. Bb5 Ba6 10. Bxa6 Rxa6 11.
b5 Ra8 12. c6 Nc5 13. dxc5 bxc5 14. Nf3 Rb8 15. Rb1 Bd6 16. O-O O-O 17. Ba3 Ne4 18. Qc2 Qf6 19. Bxc5 Bxc5 20. Nxc5 Nc3 21. Nd7 1-0

[Event "Late-Titled-Tuesday-Blitz-March-05-2024"]
[Site "Chess.com"]
[Date "2024.03.05"]
[Round "3"]
[White "XDPS"]
[Black "biostatistician"]
[Result "1-0"]
[WhiteElo "2904"]
[BlackElo "2596"]
[TimeControl "180+1"]
[EndTime "14:23:57 PST"]
[Termination "XDPS won by resignation"]

1. d4 Nf6 2. Nf3 g6 3. Bf4 Bg7 4. e3 O-O 5. h3 c5 6. c3 b6 7. Be2 Bb7 8. O-O Ne4 9. Qc2 d6 10. Rd1 Nd7 11. Bh2 Ndf6 12. d5 Qc7 13. c4 a6 14. Bd3 e6 15. Bxe4 Nxe4 16. Qxe4 Bxb2 17. Nbd2 exd5 18. cxd5 Rfe8 19. Qd3 Bxa1 20. Rxa1 b5 21. Ne4 Red8 22. Qc3 f5 23. Nf6+ Kh8 24. Ne8+ Kg8 25. Nxc7 1-0

[Event "Late-Titled-Tuesday-Blitz-March-05-2024"]
[Site "Chess.com"]
[Date "2024.03.05"]
[Round "3"]
[White "Felix-Rose"]
[Black "JackRodgers"]
[Result "0-1"]
[WhiteElo "2288"]
[BlackElo "2517"]
[TimeControl "180+1"]
[EndTime "14:24:01 PST"]
[Termination "JackRodgers won by resignation"]

1. e4 c5 2. Nf3 g6 3. d4 cxd4 4. Nxd4 Nc6 5. c4 Bg7 6. Be3 Nf6 7. Nc3 Ng4 8. Qxg4 Nxd4 9. Qd1 e5 10. Bd3 d6 11. O-O Be6 12. Qd2 O-O 13. Rfd1 a6 14. Rac1 b5 15. cxb5 axb5 16. Nxb5 Rxa2 17. Bb1 Nb3 18. Qe1 Nxc1 19. Bxc1 Ra1 20. Bc2 Qb8 21. Nxd6 Rxc1 0-1

[Event "Late-Titled-Tuesday-Blitz-March-05-2024"]
[Site "Chess.com"]
[Date "2024.03.05"]
[Round "3"]
[White "zano2023"]
[Black "Burgsvik"]
[Result "0-1"]
[WhiteElo "2109"]
[BlackElo "2360"]
[TimeControl "180+1"]
[EndTime "14:24:08 PST"]
[Termination "Burgsvik won by checkmate"]

1. c4 c5 2. Nc3 Nc6 3. Nf3 d6 4. g3 Be6 5. d3 Qc8 6. Bg2 Bh3 7.
O-O h5 8. Re1 h4 9. Bh1 hxg3 10.
hxg3 Bg4 11. a3 g6 12. Rb1 Bg7 13. Nd5 Nf6 14. Nxf6+ Bxf6 15. b4 Rxh1+ 16. Kxh1 Bxf3+ 17. exf3 Qh3+ 18. Kg1 O-O-O 19. f4 Nd4 20. f3 Qxg3+ 21. Kf1 Rh8 22. Be3 Rh1+ 23. Bg1 Qxg1# 0-1

[Event "Late-Titled-Tuesday-Blitz-March-05-2024"]
[Site "Chess.com"]
[Date "2024.03.05"]
[Round "3"]
[White "ljuks68"]
[Black "Bekkedahl"]
[Result "1-0"]
[WhiteElo "2417"]
[BlackElo "2195"]
[TimeControl "180+1"]
[EndTime "14:24:18 PST"]
[Termination "ljuks68 won by resignation"]

1. e4 c5 2. Nf3 g6 3. c4 Nc6 4. d4 cxd4 5. Nxd4 Nf6 6. Nc3 d6 7. Be2 Nxd4 8. Qxd4 Bg7 9. Be3 O-O 10. Qd2 a5 11. f3 a4 12. Rc1 Qa5 13. Nd5 Qxd2+ 14.
Kxd2 Re8 15. Nc7 Be6 16. Nxe8 Nxe8 17. Kc2 f5 18. Bd3 Rc8 19. Kb1 Rc7 20. exf5 gxf5 21. Rhe1 Bf7 22. Bxf5 Bxc4 23. Rxc4 Rxc4 24. Be6+ 1-0

[Event "Late-Titled-Tuesday-Blitz-March-05-2024"]
[Site "Chess.com"]
[Date "2024.03.05"]
[Round "3"]
[White "norwaytoadog"]
[Black "santosalberto1987"]
[Result "0-1"]
[WhiteElo "2266"]
[BlackElo "2538"]
[TimeControl "180+1"]
[EndTime "14:24:38 PST"]
[Termination "santosalberto1987 won by resignation"]

1. e4 e6 2. d4 d5 3. Nc3 Nf6 4. e5 Nfd7 5. f4 c5 6. Nf3 Nc6 7. Be3 Qb6 8. Na4 Qa5+ 9. c3 b6 10. a3 c4 11. Kf2 Ba6 12. h4 Bb5 13. b3 cxb3 14. Nb2 Bxf1 15. Rxf1 Qxc3 16. Kg3 Qxb2 17. Qd3 Qc2 18. Qb5 a6 0-1

[Event "Late-Titled-Tuesday-Blitz-March-05-2024"]
[Site "Chess.com"]
[Date "2024.03.05"]
[Round "3"]
[White "Vegan4future"]
[Black "kalxandria"]
[Result "1-0"]
[WhiteElo "2475"]
[BlackElo "2157"]
[TimeControl "180+1"]
[EndTime "14:24:38 PST"]
[Termination "Vegan4future won by checkmate"]

1. e4 e6 2. Nf3 d5 3. Nc3 dxe4 4. Nxe4 Nf6 5. Ng3 Be7 6. d4 O-O 7. Bd3 b6 8. O-O Bb7 9. c3 Nbd7 10. Bc2 c5 11.
Re1 cxd4 12. Nxd4 Nc5 13. Qe2 Re8 14. Bg5 Qd5 15. Nf3 h6 16. c4 Qc6 17. Bf4 Rad8 18. Rad1 e5 19. Bxe5 Rxd1 20. Qxd1 Ng4 21. Bc3 Bf6 22. Bxf6 Rxe1+ 23. Qxe1 Qxf6 24. Qe8# 1-0

[Event "Late-Titled-Tuesday-Blitz-March-05-2024"]
[Site "Chess.com"]
[Date "2024.03.05"]
[Round "3"]
[White "Malev212"]
[Black "Sjakkerntobi"]
[Result "0-1"]
[WhiteElo "2631"]
[BlackElo "2486"]
[TimeControl "180+1"]
[EndTime "14:24:47 PST"]
[Termination "Sjakkerntobi won by checkmate"]

1. e4 e6 2. d4 d5 3. Nc3 Bb4 4.
e5 Ne7 5. Bd2 b6 6. h4 Ba6 7.
Bxa6 Nxa6 8. Nce2 Bxd2+ 9. Qxd2 c5 10. c3 Rc8 11. Nf3 h6 12. h5 b5 13. a3 Qb6 14.
Rh4 Nf5 15. Rf4 cxd4 16. Nexd4 Nxd4 17. Nxd4 Nc5 18. Qe2 a6 19. Qg4 O-O 20. Kf1 Nd3 21. Rf6 Kh7 22. Nf5 Qxf2# 0-1

[Event "Late-Titled-Tuesday-Blitz-March-05-2024"]
[Site "Chess.com"]
[Date "2024.03.05"]
[Round "3"]
[White "colegiodemadrid"]
[Black "Vesapesa"]
[Result "0-1"]
[WhiteElo "2456"]
[BlackElo "2239"]
[TimeControl "180+1"]
[EndTime "14:24:55 PST"]
[Termination "Vesapesa won by resignation"]

1. Nf3 d5 2. c4 e6 3. g3 Nf6 4. Bg2 dxc4 5. Qa4+ Nbd7 6. Qb4 Bxb4 7. O-O O-O 8. a3 Be7 9. Rd1 b6 10. Nc3 Bb7 11. d3 cxd3 12. Rxd3 Qc8 13. Bf4 Nc5 14. Rdd1 Nd5 15. Nxd5 Bxd5 16. b4 Nb3 17. Rab1 c5 18. e4 Bc4 19. Nd2 Nxd2 20. Rxd2 Rd8 21. Rdb2 Bd3 22. Rc1 c4 23. e5 Rb8 24. a4 Qa6 25. Bc6 Rbc8 26. b5 Qa5 27. Bd2 Qxa4 28. Bc3 Qa3 29. h4 a6 30. Bb7 Rc7 31. bxa6 Rxb7 32. axb7 Qa7 33. Rd2 Qxb7 34. Ra1 Bc5 35. h5 h6 36.
Rda2 Qf3 37. Ra7 Qxg3+ 0-1

[Event "Late-Titled-Tuesday-Blitz-March-05-2024"]
[Site "Chess.com"]
[Date "2024.03.05"]
[Round "3"]
[White "Cambek64"]
[Black "Alexei_Gubajdullin"]
[Result "1-0"]
[WhiteElo "2479"]
[BlackElo "2624"]
[TimeControl "180+1"]
[EndTime "14:24:59 PST"]
[Termination "Cambek64 won by resignation"]

1. b3 c5 2. Bb2 Nc6 3. Nf3 e6 4.
c4 Nf6 5. g3 Be7 6. Bg2 O-O 7.
O-O d5 8. d4 cxd4 9. Nxd4 Nxd4 10. Qxd4 dxc4 11. Qxc4 a5 12. Nc3 Ra6 13. Rfd1 Rd6 14.
Ba3 Rxd1+ 15. Rxd1 Qe8 16. Bxe7 Qxe7 17. Qd4 e5 18. Qd6 b6 19. Qxe7 1-0

[Event "Late-Titled-Tuesday-Blitz-March-05-2024"]
[Site "Chess.com"]
[Date "2024.03.05"]
[Round "3"]
[White "AungTZ"]
[Black "ferdipy"]
[Result "1-0"]
[WhiteElo "2034"]
[BlackElo "2305"]
[TimeControl "180+1"]
[EndTime "14:25:06 PST"]
[Termination "AungTZ won by resignation"]

1. e4 c5 2. Nf3 Nc6 3. Bb5 Nf6 4. e5 Ng4 5. Bxc6 dxc6 6. O-O e6 7. Nc3 Be7 8. Re1 Qc7 9. d3 h5 10. h3 Nh6 11. Bg5 f6 12. Bf4 g5 13. exf6 gxf4 14. fxe7 Qxe7 15. Qd2 Qf6 16. Ne4 Qf8 17. Qc3 b6 18.
Nd6+ Kd7 19. Nxc8 Kxc8 20. Rxe6 Kb7 21. Rae1 Nf5 22. Rf6 Qc8 23. Rf7+ Ka6 24. Qa3+ 1-0

[Event "Late-Titled-Tuesday-Blitz-March-05-2024"]
[Site "Chess.com"]
[Date "2024.03.05"]
[Round "3"]
[White "Zavgorodniy_Sergiy"]
[Black "esrosenberg"]
[Result "1-0"]
[WhiteElo "2621"]
[BlackElo "2448"]
[TimeControl "180+1"]
[EndTime "14:25:11 PST"]
[Termination "Zavgorodniy_Sergiy won by resignation"]

1. d4 d5 2. c4 e6 3. Nf3 a6 4. e3 Nf6 5. Nbd2 c5 6. dxc5 Bxc5 7.
a3 O-O 8. b4 Ba7 9. Bb2 Nc6 10.
Be2 Re8 11. O-O e5 12. cxd5 Nxd5 13. Nc4 f6 14. Rc1 Be6 15. Qc2 Qd7 16. Rfd1 Qe7 17. Qb1 Rad8 18. Ba1 Bf7 19. b5 axb5 20. Qxb5 h6 21.
Rd2 e4 22. Nd4 Nxd4 23. Bxd4 Bxd4 24. Rxd4 f5 25. Rcd1 Nf6 26. Nd6 Rf8 27. Nxf7 Rxd4 28. Rxd4 Qxf7 29. Bc4 1-0

[Event "Late-Titled-Tuesday-Blitz-March-05-2024"]
[Site "Chess.com"]
[Date "2024.03.05"]
[Round "3"]
[White "Hikaru"]
[Black "Blitzstream"]
[Result "1-0"]
[WhiteElo "3258"]
[BlackElo "2792"]
[TimeControl "180+1"]
[EndTime "14:25:16 PST"]
[Termination "Hikaru won by resignation"]

1. Nf3 d5 2. d4 Nf6 3. c4 c6 4. Qc2 g6 5. Bf4 Bf5 6. Qc1 Bg7 7. Nbd2 O-O 8. e3 Nh5 9. Bg5 h6 10. Bh4 g5 11. Bg3 Nd7 12. Be2 Nxg3 13. hxg3 Nf6 14. O-O Ne4 15. Nxe4 Bxe4 16. Nd2 Bg6 17. f4 e6 18. b4 a5 19. a3 axb4 20. axb4 Rxa1 21. Qxa1 Qb6 22. Qc3 Ra8 23. c5 Qa7 24. Rc1 Qa3 25. Nb3 Ra4 26. b5 Qb4 27. Qxb4 Rxb4 28. Na5 Rb2 29. Bf1 Kf8 30. Nxb7 Ke7 31. bxc6 f6 32. Nd6 Kd8 33. Ra1 Kc7 34. Ra7+ Kxc6 35.
Rxg7 1-0

[Event "Late-Titled-Tuesday-Blitz-March-05-2024"]
[Site "Chess.com"]
[Date "2024.03.05"]
[Round "3"]
[White "kenta1234"]
[Black "OPQRC"]
[Result "1-0"]
[WhiteElo "2814"]
[BlackElo "2555"]
[TimeControl "180+1"]
[EndTime "14:25:16 PST"]
[Termination "kenta1234 won by resignation"]

1. d4 Nf6 2. c4 g6 3. Nc3 Bg7 4. e4 d6 5. h3 O-O 6. Nf3 e5 7.
d5 a5 8. g4 Na6 9. Be3 Nd7 10.
Qd2 Ndc5 11. Be2 c6 12. dxc6 bxc6 13. Rd1 Be6 14. Qxd6 Qb6 15. Qd2 Rfd8 16. Qc2 Rxd1+ 17. Nxd1 Rd8 18. O-O Qb8 19. b3 Nb4 20. Qb1 Ncd3 21.
a3 f5 22. axb4 fxe4 23. Ng5 Bc8 24. Nxe4 Nxb4 25. Ndc3 h5 26. Ng5 Rd6 27. Nce4 Rd8 28. Nf6+ Bxf6 29. Qxg6+ Bg7 30. Qf7+ Kh8 31. Qxh5+ Kg8 32.
Qh7+ Kf8 33. Bc5+ 1-0

[Event "Late-Titled-Tuesday-Blitz-March-05-2024"]
[Site "Chess.com"]
[Date "2024.03.05"]
[Round "3"]
[White "giomar27"]
[Black "ProChessWICTH"]
[Result "0-1"]
[WhiteElo "2417"]
[BlackElo "2647"]
[TimeControl "180+1"]
[EndTime "14:25:25 PST"]
[Termination "ProChessWICTH won by resignation"]

1. d4 d5 2. Nc3 c6 3. e4 dxe4 4. Nxe4 Bf5 5. Ng3 Bg6 6. h4 h6 7. Nf3 Nd7 8. h5 Bh7 9. Bd3 Bxd3 10. Qxd3 e6 11. Bd2 Ngf6 12. O-O-O Bd6 13. Ne4 Nxe4 14.
Qxe4 Nf6 15. Qe2 Qc7 16. Rh4 O-O-O 17. Ne5 Bxe5 18. dxe5 Nd5 19. Rg4 Rhg8 20. c4 Ne7 21. Bc3 Nf5 22. Rxd8+ Qxd8 23. Qd2 Qe7 24. Re4 Rd8 25. Qf4 c5 26. g4 Qd7 27. Re1 Nd4 28.
Bxd4 Qxd4 29. Qxd4 Rxd4 30. f3 Rxc4+ 31. Kd2 Rd4+ 32.
Kc3 b6 33. Rf1 Kd7 34. f4 Kc6 35. g5 Kd5 36. f5 hxg5 37. f6 gxf6 38. Rh1 Kxe5 39. h6 Rd8 40. h7 Rh8 0-1

[Event "Late-Titled-Tuesday-Blitz-March-05-2024"]
[Site "Chess.com"]
[Date "2024.03.05"]
[Round "3"]
[White "Chemim21"]
[Black "Balla_Tamas"]
[Result "0-1"]
[WhiteElo "2194"]
[BlackElo "2414"]
[TimeControl "180+1"]
[EndTime "14:25:27 PST"]
[Termination "Balla_Tamas won by resignation"]

1. d4 d5 2. Bf4 Nf6 3. e3 e6 4. Nd2 Bd6 5. Bg3 O-O 6. Bd3 c5 7. c3 b6 8. Ngf3 Ba6 9. Bxa6 Nxa6 10. Qe2 Nb8 11. dxc5 bxc5 12. e4 Bxg3 13. hxg3 dxe4 14. Nxe4 Nbd7 15. O-O-O Qa5 16. Neg5 Qxa2 17. Qc2 h6 18. Rxd7 Qa1+ 19. Kd2 Qxh1 0-1

[Event "Late-Titled-Tuesday-Blitz-March-05-2024"]
[Site "Chess.com"]
[Date "2024.03.05"]
[Round "3"]
[White "andrzej"]
[Black "DraningWaterHi"]
[Result "1-0"]
[WhiteElo "2490"]
[BlackElo "2192"]
[TimeControl "180+1"]
[EndTime "14:25:29 PST"]
[Termination "andrzej won by resignation"]

1. e4 c5 2. Nf3 a6 3. c4 Nc6 4.
d4 cxd4 5. Nxd4 g6 6. Nc3 Bg7 7.
Be3 Nf6 8. Nxc6 bxc6 9. e5 Ng8 10. f4 Nh6 11. Bd3 O-O 12. O-O d5 13. cxd5 cxd5 14.
Ne2 Nf5 15. Bf2 Rb8 16. b3 f6 17. exf6 Bxf6 18. Rc1 e5 19. fxe5 Bxe5 20. Bxf5 Bxf5 21.
Nd4 Qd6 22. Nf3 Bg7 23. Bc5 Qf4 24. Bxf8 Qe3+ 25. Kh1 Rxf8 26. Qxd5+ Kh8 27. Rce1 Qc3 28. Ng5 h6 29. Ne6 Bxe6 30. Rxf8+ Bxf8 31. Qxe6 Bb4 32. Qe5+ 1-0

[Event "Late-Titled-Tuesday-Blitz-March-05-2024"]
[Site "Chess.com"]
[Date "2024.03.05"]
[Round "3"]
[White "Midgardsormur"]
[Black "rynos0411"]
[Result "0-1"]
[WhiteElo "2455"]
[BlackElo "2629"]
[TimeControl "180+1"]
[EndTime "14:25:37 PST"]
[Termination "rynos0411 won by resignation"]

1. Nf3 Nf6 2. c4 e6 3. e3 b6 4.
b3 Bb7 5. Bb2 Be7 6. Nc3 O-O 7.
Be2 d5 8. cxd5 Nxd5 9. Nxd5 Bxd5 10. Qc2 c5 11. O-O Bf6 12. Rfd1 Nc6 13. d4 cxd4 14.
Nxd4 Rc8 15. Nxc6 Rxc6 16. Qd2 Bxb2 17. Qxb2 Qg5 18. Bf1 Rfc8 19. Rd2 h5 20. Rad1 h4 21. h3 Qg6 22. Qd4 Qg5 23. Qa4 R6c7 24. Rd4 Rc1 25.
Rxc1 Rxc1 26. Qe8+ Kh7 27. Rg4 Qf6 28. e4 Bc6 29. Qb8 Bb5 30. e5 Rxf1+ 31. Kh2 Qxf2 0-1

[Event "Late-Titled-Tuesday-Blitz-March-05-2024"]
[Site "Chess.com"]
[Date "2024.03.05"]
[Round "3"]
[White "ansko1999"]
[Black "LastHeroJr"]
[Result "1-0"]
[WhiteElo "2694"]
[BlackElo "2490"]
[TimeControl "180+1"]
[EndTime "14:25:42 PST"]
[Termination "ansko1999 won by resignation"]

1. Nf3 Nf6 2. c4 g6 3. Nc3 Bg7 4. g3 O-O 5. Bg2 d6 6. d4 Bg4 7. h3 Bxf3 8. Bxf3 c6 9. O-O Nbd7 10. Rb1 e5 11. Bg2 Qc7 12. b4 Rfe8 13. Be3 a6 14. a4 Rad8 15. Qb3 Nh5 16. dxe5 Nxe5 17. Rfd1 Nf6 18. b5 axb5 19. axb5 c5 20. Nd5 Nxd5 21. Rxd5 b6 22. Rbd1 f5 23. Bg5 Rd7 24. Bf4 Nf7 25.
Qc2 Be5 26. Qd2 Bxf4 27. gxf4 Rde7 28. e3 Kg7 29. Rd3 Rd8 30. Qb2+ Kh6 31. Qf6 Qd7 32. Bd5 Rf8 33. Kh2 Qd8 34. Bxf7 Rexf7 35. Qxd8 Re7 36. Qxf8+ 1-0

[Event "Late-Titled-Tuesday-Blitz-March-05-2024"]
[Site "Chess.com"]
[Date "2024.03.05"]
[Round "3"]
[White "KuzubovYuriy"]
[Black "HaryKane"]
[Result "1-0"]
[WhiteElo "2944"]
[BlackElo "2599"]
[TimeControl "180+1"]
[EndTime "14:25:50 PST"]
[Termination "KuzubovYuriy won by checkmate"]

1. d4 e6 2. c4 d5 3. Nc3 f5 4.
Bf4 c6 5. e3 Nf6 6. Nf3 Bd6 7.
Be2 O-O 8. O-O Qe7 9. Bxd6 Qxd6 10. Ne5 Nbd7 11. f4 b6 12. cxd5 exd5 13. Qc2 g6 14. Rfd1 Bb7 15. Rac1 Rac8 16. Bf3 Ne4 17.
Nxe4 fxe4 18. Bg4 Rc7 19. Bxd7 Rxd7 20. Nxd7 Qxd7 21. Qa4 a5 22. b4 Ra8 23. bxa5 Rxa5 24.
Qb4 Rxa2 25. Rd2 Ra6 26. Qb2 Qd6 27. Ra1 c5 28. Rxa6 Bxa6 29. Qa3 Bd3 30. Rb2 Qc6 31.
dxc5 Qxc5 32. Qxc5 bxc5 33. Kf2 c4 34. Rb8+ Kf7 35.
Rc8 h5 36. Ke1 Ke6 37. Kd2 Kf5 38. Re8 h4 39. Re5+ Kg4 40. Rg5# 1-0

[Event "Late-Titled-Tuesday-Blitz-March-05-2024"]
[Site "Chess.com"]
[Date "2024.03.05"]
[Round "3"]
[White "AccioChess"]
[Black "Zallio"]
[Result "1-0"]
[WhiteElo "2393"]
[BlackElo "2154"]
[TimeControl "180+1"]
[EndTime "14:25:50 PST"]
[Termination "AccioChess won by resignation"]

1. e4 e6 2. d4 d5 3. Nc3 Bb4 4. e5 c5 5. a3 cxd4 6. axb4 dxc3 7. bxc3 Qc7 8. Nf3 Qxc3+ 9. Bd2 Qc7 10. Bd3 Ne7 11. O-O Ng6 12. Re1 Nd7 13. h4 Ngxe5 14. Nxe5 Nxe5 15. Bf4 f6 16. Bxe5 fxe5 17. Qh5+ Qf7 18.
Qxe5 O-O 19. f3 Qf4 20. Qh5 g6 21. Qg5 Bd7 22. b5 Kg7 23. Kf2 h6 24. Qxg6+ 1-0

[Event "Late-Titled-Tuesday-Blitz-March-05-2024"]
[Site "Chess.com"]
[Date "2024.03.05"]
[Round "3"]
[White "Penafiel-Josselyne02"]
[Black "s-dshubin"]
[Result "0-1"]
[WhiteElo "2040"]
[BlackElo "2327"]
[TimeControl "180+1"]
[EndTime "14:25:54 PST"]
[Termination "s-dshubin won by resignation"]

1. d4 d5 2. c4 e6 3. Nc3 Nf6 4. Bg5 Nbd7 5. e3 c6 6. cxd5 exd5 7.
Bd3 Be7 8. h3 Nf8 9. Qc2 Ng6 10.
Nf3 O-O 11. O-O Re8 12. Rab1 Ne4 13. Bxe7 Qxe7 14. b4 Nh4 15. Ne5 Bxh3 16. Bxe4 dxe4 17. Nxe4 Bxg2 18. Rfe1 Bxe4 19. Qxe4 Qg5+ 20. Qg4 Rxe5 0-1

[Event "Late-Titled-Tuesday-Blitz-March-05-2024"]
[Site "Chess.com"]
[Date "2024.03.05"]
[Round "3"]
[White "MaiqMaster"]
[Black "HajiyevKanan"]
[Result "0-1"]
[WhiteElo "2319"]
[BlackElo "2542"]
[TimeControl "180+1"]
[EndTime "14:25:56 PST"]
[Termination "HajiyevKanan won by resignation"]

1. d4 c6 2. c4 d5 3. Nf3 Nf6 4.
e3 a6 5. Nc3 Bf5 6. Qb3 b5 7.
cxd5 Nxd5 8. Nxd5 Qxd5 9. Qxd5 cxd5 10. a4 b4 11. a5 e6 12. Bd2 Nc6 13. Nh4 Be4 14.
f3 Bc2 15. f4 Be7 16. Nf3 Kd7 17. Be2 Rhc8 18. Kf2 f6 19. Rhc1 b3 20. Ne1 Bb4 21. Bxb4 Nxb4 22. Nxc2 Rxc2 23. Rxc2 bxc2 24. Ke1 Rc8 25. Kd2 Na2 26. Bxa6 c1=Q+ 27. Rxc1 Rxc1 28. Bb5+ Kc7 0-1

[Event "Late-Titled-Tuesday-Blitz-March-05-2024"]
[Site "Chess.com"]
[Date "2024.03.05"]
[Round "3"]
[White "janhelmer03"]
[Black "lluiss"]
[Result "1-0"]
[WhiteElo "2396"]
[BlackElo "2162"]
[TimeControl "180+1"]
[EndTime "14:25:57 PST"]
[Termination "janhelmer03 won by resignation"]

1. Nf3 Nf6 2. c4 g6 3. Nc3 Bg7 4.
e4 O-O 5. d4 d6 6. Be2 e5 7. O-O Nc6 8. d5 Ne7 9. b4 a5 10. bxa5 Rxa5 11. Nd2 b6 12. Nb3 Ra8 13. a4 Nd7 14. a5 bxa5 15. Nxa5 Nc5 16. Nc6 Nxc6 17.
Rxa8 Nd4 18. Be3 Ncb3 19. Nb5 Nxb5 20. cxb5 Nd4 21. Qd3 Qd7 22. Rc1 Bb7 23. Rxf8+ Bxf8 24. Bxd4 exd4 25. Qxd4 1-0

[Event "Late-Titled-Tuesday-Blitz-March-05-2024"]
[Site "Chess.com"]
[Date "2024.03.05"]
[Round "3"]
[White "ccccvhhhj"]
[Black "NoHeThTo"]
[Result "0-1"]
[WhiteElo "2468"]
[BlackElo "2645"]
[TimeControl "180+1"]
[EndTime "14:25:58 PST"]
[Termination "NoHeThTo won by checkmate"]

1. e4 c5 2. Nf3 d6 3. d4 cxd4 4. Nxd4 Nf6 5. Nc3 a6 6. Rg1 e6 7. g4 b5 8. g5 Nfd7 9. h4 g6 10.
Be3 Bb7 11. f3 Qc7 12. Qd2 Nc6 13. O-O-O Rc8 14. Kb1 Nce5 15. f4 Nc4 16. Bxc4 Qxc4 17. e5 d5 18. Nce2 Bb4 19. c3 Be7 20. h5 Qa4 21.
hxg6 hxg6 22. Rh1 Rxh1 23. Rxh1 Nc5 24. Ng3 Kd7 25. b3 Qa3 26. Nc2 Nxb3 27. axb3 Qxb3+ 28. Kc1 Rxc3 29. Bd4 Ba3+ 30. Kd1 Rd3 31. Rh7 Rxd2+ 32.
Kxd2 Qxg3 33. Rxf7+ Kc8 34. Ne3 Bb4+ 35. Kd3 a5 36. Rf6 Qf3 37. f5 Qe4+ 38. Ke2 Qxd4 39. fxg6 Qd2+ 40. Kf3 d4+ 41. Kg4 Qe2+ 42. Kh4 Be1+ 43.
Kh3 Qxe3+ 44. Kg4 Qg3+ 45. Kh5 Qh4# 0-1

[Event "Late-Titled-Tuesday-Blitz-March-05-2024"]
[Site "Chess.com"]
[Date "2024.03.05"]
[Round "3"]
[White "ACollins05"]
[Black "aranibos"]
[Result "1-0"]
[WhiteElo "2587"]
[BlackElo "2281"]
[TimeControl "180+1"]
[EndTime "14:26:00 PST"]
[Termination "ACollins05 won by resignation"]

1. d4 Nf6 2. c4 e6 3. Nf3 b6 4. g3 Ba6 5. b3 Bb4+ 6. Bd2 Be7 7. Nc3 Bb7 8. Bg2 d5 9. Ne5 O-O 10. O-O c5 11. Bg5 Nbd7 12. Nxd7 Qxd7 13. dxc5 bxc5 14. cxd5 exd5 15. Bxf6 Bxf6 16. Nxd5 Bd4 17. Nf4 Bxg2 18. Nxg2 Rad8 19. Rc1 Qb5 20. Qc2 Rfe8 21. e3 Bf6 22.
Qxc5 Qa6 23. Qc2 g6 24. Rfd1 Rc8 25. Qb1 Kg7 26. Nf4 Qa3 27. Nd5 Rxc1 28. Qxc1 Qxa2 29.
Nxf6 Kxf6 30. Qc3+ Ke7 31. Ra1 Qe2 32. Rxa7+ Kd6 33.
Qc7+ Kd5 34. Qd7+ Ke4 35. Qxe8+ Kf3 36. Qxf7+ Kg4 37. Qc4+ 1-0

[Event "Late-Titled-Tuesday-Blitz-March-05-2024"]
[Site "Chess.com"]
[Date "2024.03.05"]
[Round "3"]
[White "Azerichess"]
[Black "Alphafischer2019"]
[Result "1-0"]
[WhiteElo "3053"]
[BlackElo "2724"]
[TimeControl "180+1"]
[EndTime "14:26:04 PST"]
[Termination "Azerichess won by resignation"]

1. d4 Nf6 2. Bg5 g6 3. Bxf6 exf6 4. c4 Bg7 5. Nc3 f5 6. e3 O-O 7. g3 d6 8. Bg2 Nd7 9. Nge2 Nf6 10. O-O h5 11. h4 Re8 12. b4 Ne4 13. Qd3 Qe7 14. b5 c6 15. a4 Bd7 16. Rab1 Nf6 17.
Nf4 Rab8 18. a5 a6 19. bxa6 bxa6 20. Rb6 Rxb6 21. axb6 Ra8 22. Rb1 Rb8 23. Na4 Ne4 24. c5 dxc5 25. Nxc5 Nxc5 26. dxc5 Bc8 27. Bxc6 Qxc5 28.
Qd8+ Kh7 29. Qc7 Qc2 30. Rf1 a5 31. Qxb8 Qxc6 32. Qc7 Qxc7 33. bxc7 Be5 34. Nd5 Kg7 35. Nb6 Be6 36. c8=Q Bxc8 37. Nxc8 a4 38. Nb6 a3 39. Nc4 1-0